 Dungeon Crawl Stone Soup version 0.28-b1-25-g9875b3fc8c (webtiles) character file.

Game seed: 12981658426312536777

203 sanka the Conjurer (level 5, -3/29 HPs)
             Began as a Deep Elf Transmuter on Feb 7, 2022.
             Was a Priest of Vehumet.
             Slain by Pikel (6 damage)
             ... on level 4 of the Dungeon.
             The game lasted 00:08:23 (4668 turns).

sanka the Conjurer (Deep Elf Transmuter)            Turns: 4668, Time: 00:08:26

Health: -3/29      AC:  2    Str:  7    XL:     5   Next: 51%
Magic:  1/12       EV: 13    Int: 26    God:    Vehumet [***...]
Gold:   109        SH:  0    Dex: 21    Spells: 6/11 levels left

rFire   . . .      SeeInvis .   h - +0 dagger (elec)
rCold   . . .      Faith    +   (no shield)
rNeg    . . .      Spirit   .   a - +0 robe
rPois   .          Reflect  .   (no helmet)
rElec   .          Harm     .   (no cloak)
rCorr   .          Rampage  .   (no gloves)
Will    .....                   (no boots)
Stlth   ++........              e - amulet of faith
HPRegen 0.09/turn               f - +6 ring of intelligence
MPRegen 0.13/turn               k - +6 ring of dexterity

@: no status effects
A: no striking features
a: Renounce Religion


You were on level 4 of the Dungeon.
You worshipped Vehumet.
Vehumet was most pleased with you.
You visited 1 branch of the dungeon, and saw 5 of its levels.

You collected 109 gold pieces.

Inventory:

Hand Weapons
 h - a +0 dagger of electrocution (weapon)
Armour
 a - a +0 robe (worn)
Magical Staves
 m - a staff of cold
Jewellery
 e - an amulet of faith (around neck)
 f - a +6 ring of intelligence (left hand)
 k - a +6 ring of dexterity (right hand)
 o - an amulet of magic regeneration
Scrolls
 b - 2 scrolls of magic mapping {unknown}
 i - a scroll of vulnerability {unknown}
 l - a scroll of fog {unknown}
 n - a scroll of identify {unknown}
 p - a scroll of summoning {unknown}
 q - 2 scrolls of teleportation {unknown}
Potions
 c - a potion of heal wounds {unknown}
 d - 2 potions of attraction {unknown}
 g - 2 potions of haste {unknown}
 j - a potion of invisibility {unknown}


   Skills:
 + Level 1.2 Fighting
 + Level 2.8 Dodging
 - Level 2.4 Unarmed Combat
 + Level 3.6 Spellcasting
 + Level 4.9 Conjurations
 - Level 2.1 Transmutations
 + Level 1.4 Fire Magic


You had 6 spell levels left.
You knew the following spells:

 Your Spells              Type           Power      Damage    Failure   Level
a - Beastly Appendage     Tmut           32%        N/A       3%          1
b - Magic Dart            Conj           100%       1d8       1%          1
c - Foxfire               Conj/Fire      84%        2x1d8     1%          1
d - Scorch                Fire           24%        2d6       2%          2

Your spell library contained the following spells:

 Spells                   Type           Power      Damage    Failure   Level
 Wereblood                Tmut           16%        N/A       5%          2
 Spider Form              Tmut/Pois      10%        N/A       17%         3
 Ice Form                 Ice/Tmut       10%        N/A       50%         4


Dungeon Overview and Level Annotations

Branches:
Dungeon (5/15)
 Temple: D:4-7

Altars:
Elyvilon
Makhleb
Okawaru
Vehumet
Wu Jian

Shops:
D:4 (

Annotations:
D:4 Pikel


Message History

Pikel is heavily wounded.
Pikel's fire resistance burns away.
Casting: Scorch (safe; 2% risk of failure)
Confirm with . or Enter, or press ? or * to list all spells.
Flames lash Pikel.
Pikel is burned terribly!
Pikel is heavily wounded.
There is a stone staircase leading up here.
Pikel closely misses you.
You climb upwards.
There is a stone staircase leading down here.
Unknown command.
Casting: Scorch (safe; 2% risk of failure)
Confirm with . or Enter, or press ? or * to list all spells.
Flames lash Pikel.
Pikel is burned terribly!
Pikel is almost dead.
Pikel completely misses you.
Casting: Scorch (safe; 2% risk of failure)
Confirm with . or Enter, or press ? or * to list all spells.
Flames lash Pikel but do no damage.
Pikel hits you with a +1 whip of freezing!
Pikel freezes you.
Casting: Scorch (safe; 2% risk of failure)
Confirm with . or Enter, or press ? or * to list all spells.
Flames lash Pikel but do no damage.
Pikel hits you with a +1 whip of freezing.
Pikel freezes you.
Pikel is no longer more vulnerable to fire.
Okay, then.
Pikel hits you with a +1 whip of freezing.
* * * LOW HITPOINT WARNING * * *
Pikel freezes you.
* * * LOW HITPOINT WARNING * * *
Unknown command.
Casting: Scorch (safe; 2% risk of failure)
Confirm with . or Enter, or press ? or * to list all spells.
Flames lash Pikel.
Pikel is almost dead.
Pikel's fire resistance burns away.
Pikel hits you with a +1 whip of freezing.
You die...

####.# #.<.# #.....#
.....# #...####...##
##############..........#
........................#
###############......)..#
##>.......# #........#
#.......## #@K.....#
#...∩...# #.......#
#.......# #########


You could see Pikel (combustible).

Vanquished Creatures
  2 hounds (D:4)
  An iguana (D:4)
  2 adders
  2 worms
  2 dart slugs
  6 orcs (D:3)
  8 ball pythons
  7 bats
  6 endoplasms
  5 giant cockroaches
  5 goblins
  8 hobgoblins
  4 jackals
  8 kobolds
  2 quokkas
  6 frilled lizards
  6 rats
80 creatures vanquished.

Vanquished Creatures (others)
  16 foxfires
16 creatures vanquished.

Grand Total: 96 creatures vanquished

Notes
Turn   | Place    | Note
-------+----------+-------------------------------------------
     0 | D:1      | sanka the Deep Elf Transmuter began the quest for the Orb.
     0 | D:1      | Reached XP level 1. HP: 11/11 MP: 6/6
    33 | D:1      | Reached skill level 1 in Fighting
    99 | D:1      | Found a faded altar of an unknown god.
   113 | D:1      | Prayed at the altar of an unknown god.
   113 | D:1      | Became a worshipper of Vehumet
   113 | D:1      | Reached * piety under Vehumet
   113 | D:1      | Offered knowledge of Magic Dart by Vehumet.
   187 | D:1      | Learned a level 1 spell: Magic Dart
   257 | D:1      | Reached XP level 2. HP: 16/16 MP: 2/8
   344 | D:1      | Reached skill level 1 in Conjurations
   856 | D:1      | Reached skill level 2 in Conjurations
  1282 | D:1      | Reached XP level 3. HP: 20/20 MP: 7/9
  1785 | D:2      | Offered knowledge of Foxfire by Vehumet.
  1788 | D:2      | Learned a level 1 spell: Foxfire
  1975 | D:2      | Reached ** piety under Vehumet
  2495 | D:3      | Reached skill level 3 in Conjurations
  2761 | D:3      | Found an ornate altar of the Wu Jian Council.
  2762 | D:3      | Found an iron altar of Okawaru.
  2762 | D:3      | Found a white marble altar of Elyvilon.
  3100 | D:3      | Reached XP level 4. HP: 25/25 MP: 10/10
  3894 | D:4      | Reached skill level 4 in Conjurations
  3921 | D:4      | Offered knowledge of Scorch by Vehumet.
  3983 | D:4      | Learned a level 2 spell: Scorch
  4031 | D:4      | Found Fuhajil's Antique Weapon Emporium.
  4138 | D:4      | Reached XP level 5. HP: 25/29 MP: 6/11
  4268 | D:4      | Reached *** piety under Vehumet
  4346 | D:4      | Reached skill level 1 in Fire Magic
  4461 | D:4      | Found a burning altar of Makhleb.
  4585 | D:5      | Entered Level 5 of the Dungeon
  4619 | D:5      | Noticed Pikel
  4619 | D:5      | Noticed a lemure
  4619 | D:5      | Noticed a lemure
  4668 | D:4      | Slain by Pikel

Illustrated notes

Levels and vault maps discovered:
D:1:      tarquinn_simple_flora_water_a, layout_basic,
          shapermc_ecumenical_altar_mp_highgroup
D:2:      layout_loops_ring
D:3:      layout_basic, grunt_temple_overflow_open, glass_columns_c
D:4:      layout_basic, makhleb_heckhound_becter, serial_shops, shop
D:5:      layout_basic, minmay_temple_entry_ruins, uniq_pikel, uniq_duvessa,
          uniq_prince_ribbit1

Skill      XL: |  1  2  3  4  5 |
---------------+----------------+-----
Fighting       | 1 |  1.2
Conjurations   | 2 3 4 |  4.9
Fire Magic     | 1 |  1.4
Dodging        | |  2.8
Unarmed Combat | |  2.4
Spellcasting   | |  3.6
Transmutations | |  2.1

Action                   |  1- 3 |  4- 6 || total
-------------------------+-------+-------++-------
Melee: Unarmed           |    31 |       ||    31
       Kick              |     3 |       ||     3
       Headbutt          |     1 |       ||     1
 Cast: Magic Dart        |   113 |    69 ||   182
       Beastly Appendage |     4 |       ||     4
       Foxfire           |       |     8 ||     8
       Scorch            |       |     8 ||     8
Armor: Robe              |     9 |     4 ||    13
Dodge: Dodged            |    40 |     8 ||    48
